General information
- name: BNet
- type: Ladder team game (AT/RT)
- host: Battle.net
- saver: lazybumbuthere
map: Mur'gulOasis
- players: 8
- length: 14:33
- speed: Fast
- version: 1.27 W3XP
- replay type: Public
» download(107 KB)
Players
team 1 (loser)

»
kushsmoker (
orange | 41 APM | 569 actions | 13:55)
4 Far Seer
2 Feral Spirit
2 Chain Lighting
2 Shadow Hunter
1 Healing Wave
1 Hex
» actions
| Assign group hotkey | 1 | |
| Basic commands | 9 | |
| Build / train | 58 | |
| Enter build submenu | 12 | |
| Enter hero's abilities submenu | 6 | |
| Give item / drop item | 2 | |
| Remove unit from queue | 2 | |
| Right click | 267 | |
| Select / deselect | 167 | |
| Select group hotkey | 1 | |
| Use ability | 44 | |
569 total
» units
| Peon | 12 | |
| Troll Headhunter/Berserker | 8 | |
| Kodo Beast | 3 | |
| Shaman | 1 | |
| Troll Witch Doctor | 1 | |
25 total
» upgrades
| Troll Regeneration | 1 | |
| Ranged Weapons | 2 | |
| Shaman Training | 2 | |
| Witch Doctor Training | 2 | |
| Berserker Upgrade | 1 | |
| Armor | 1 | |
9 total
» buildings
| War Mill | 2 | |
| Altar of Storms | 1 | |
| Orc Burrow | 4 | |
| Barracks | 1 | |
| Voodoo Lounge | 1 | |
| Stronghold | 1 | |
| Fortress | 1 | |
| Spirit Lodge | 2 | |
| Beastiary | 1 | |
14 total
» build order
00:09 War Mill
00:22 Altar of Storms
00:25 Orc Burrow
00:57 Barracks
01:07 War Mill
02:06 Voodoo Lounge
02:09 Orc Burrow
03:15 Stronghold
05:48 Fortress
05:52 Spirit Lodge
05:53 Spirit Lodge
05:57 Beastiary
06:02 Orc Burrow
06:07 Orc Burrow
» items
| Lesser Clarity Potion | 2 | |
| Healing Salve | 1 | |
| Circlet of Nobility | 1 | |
| Tiny Great Hall | 1 | |
| Scroll of Town Portal | 2 | |
| Scroll of Speed | 1 | |
8 total

»
SMURFINAINTEASY (
pink | 127 APM | 1736 actions | 13:42)
4 Death Knight
2 Death Coil
2 Unholy Aura
1 Lich
1 Frost Nova
» actions
| Assign group hotkey | 352 | |
| Basic commands | 114 | |
| Build / train | 46 | |
| ESC pressed | 1 | |
| Enter build submenu | 13 | |
| Enter hero's abilities submenu | 5 | |
| Give item / drop item | 2 | |
| Right click | 734 | |
| Select / deselect | 201 | |
| Select group hotkey | 213 | |
| Use ability | 55 | |
1736 total
» units
| Acolyte | 2 | |
| Ghoul | 3 | |
| Crypt Fiend | 13 | |
| Obsidian Statue | 4 | |
22 total
» upgrades
| Creature Carapace | 1 | |
| Web | 1 | |
| Unholy Strength | 1 | |
| Creature Attack | 1 | |
| Destroyer Form | 1 | |
5 total
» buildings
| Graveyard | 1 | |
| Crypt | 1 | |
| Ziggurat | 5 | |
| Altar of Darkness | 2 | |
| Tomb of Relics | 1 | |
| Halls of the Dead | 1 | |
| Slaughterhouse | 1 | |
| Black Citadel | 1 | |
| Sacrificial Pit | 1 | |
14 total
» build order
00:24 Graveyard
00:26 Crypt
00:39 Ziggurat
00:59 Altar of Darkness
01:01 Altar of Darkness
01:31 Tomb of Relics
02:00 Ziggurat
03:37 Ziggurat
04:35 Halls of the Dead
05:36 Ziggurat
07:07 Slaughterhouse
08:19 Ziggurat
09:17 Black Citadel
12:11 Sacrificial Pit
» items
| Rod of Necromancy | 2 | |
| Potion of Healing | 1 | |
3 total
lazybumbuthere (
purple | 13 APM | 195 actions | 14:33)
» actions
| Basic commands | 14 | |
| Right click | 137 | |
| Select / deselect | 44 | |
195 total
SUCKMYNlGGADIK (
green | 31 APM | 424 actions | 13:39)
1 Blademaster
1 Wind Walk
» actions
| Assign group hotkey | 4 | |
| Basic commands | 5 | |
| Build / train | 34 | |
| Enter build submenu | 15 | |
| Enter hero's abilities submenu | 1 | |
| Remove unit from queue | 1 | |
| Right click | 170 | |
| Select / deselect | 114 | |
| Select group hotkey | 42 | |
| Use ability | 38 | |
424 total
» units
» upgrades
| Liquid Fire | 1 | |
| Ranged Weapons | 2 | |
3 total
» buildings
| Altar of Storms | 1 | |
| Orc Burrow | 4 | |
| War Mill | 1 | |
| Voodoo Lounge | 2 | |
| Stronghold | 1 | |
| Watch Tower | 4 | |
| Fortress | 1 | |
| Beastiary | 3 | |
17 total
» build order
00:08 Altar of Storms
00:10 Orc Burrow
01:10 War Mill
01:21 Voodoo Lounge
01:25 Voodoo Lounge
02:59 Stronghold
03:37 Orc Burrow
03:40 Orc Burrow
04:50 Watch Tower
04:52 Watch Tower
04:57 Watch Tower
05:44 Fortress
05:47 Beastiary
05:49 Beastiary
06:00 Beastiary
06:06 Watch Tower
06:47 Orc Burrow
» items
| Healing Salve | 2 | |
| Lesser Clarity Potion | 5 | |
| Scroll of Speed | 1 | |
8 total
team 2 (winner)

»
BrOhio (
teal | 67 APM | 979 actions | 14:33)
3 Far Seer
2 Feral Spirit
1 Chain Lighting
2 Shadow Hunter
1 Healing Wave
1 Hex
» actions
| Assign group hotkey | 32 | |
| Basic commands | 2 | |
| Build / train | 40 | |
| Enter build submenu | 17 | |
| Enter hero's abilities submenu | 5 | |
| Give item / drop item | 2 | |
| Remove unit from queue | 4 | |
| Right click | 384 | |
| Select / deselect | 170 | |
| Select group hotkey | 260 | |
| Use ability | 63 | |
979 total
» units
| Peon | 7 | |
| Grunt | 6 | |
| Shaman | 1 | |
| Tauren | 2 | |
16 total
» upgrades
» buildings
| Altar of Storms | 1 | |
| Orc Burrow | 6 | |
| Barracks | 1 | |
| War Mill | 2 | |
| Stronghold | 1 | |
| Watch Tower | 3 | |
| Voodoo Lounge | 1 | |
| Fortress | 2 | |
| Spirit Lodge | 1 | |
| Tauren Totem | 2 | |
20 total
» build order
00:17 Altar of Storms
00:19 Orc Burrow
00:35 Barracks
01:50 Orc Burrow
03:12 Orc Burrow
04:25 War Mill
04:42 War Mill
05:27 Stronghold
06:08 Watch Tower
06:11 Watch Tower
06:18 Voodoo Lounge
06:32 Watch Tower
07:55 Fortress
07:56 Fortress
09:27 Spirit Lodge
09:45 Orc Burrow
10:36 Tauren Totem
10:37 Tauren Totem
13:09 Orc Burrow
13:15 Orc Burrow
» items
| Healing Salve | 3 | |
| Lesser Clarity Potion | 3 | |
| Orb of Lightning | 1 | |
| Scroll of Town Portal | 1 | |
8 total

»
fkck (
red | 98 APM | 1431 actions | 14:33)
5 Tauren Chieftain
3 War Stomp
2 Endurance Aura
3 Shadow Hunter
2 Hex
1 Healing Wave
» actions
| Assign group hotkey | 26 | |
| Basic commands | 45 | |
| Build / train | 50 | |
| Enter build submenu | 17 | |
| Enter hero's abilities submenu | 8 | |
| Give item / drop item | 2 | |
| Right click | 415 | |
| Select / deselect | 249 | |
| Select group hotkey | 550 | |
| Use ability | 69 | |
1431 total
» units
| Peon | 9 | |
| Troll Headhunter/Berserker | 12 | |
| Raider | 4 | |
25 total
» upgrades
| Ranged Weapons | 1 | |
| Berserker Upgrade | 1 | |
| Troll Regeneration | 1 | |
| Ensnare | 1 | |
| Pillage | 1 | |
| Melee Weapons | 1 | |
| Reinforced Defenses | 1 | |
| Armor | 1 | |
8 total
» buildings
| Orc Burrow | 5 | |
| Altar of Storms | 1 | |
| War Mill | 1 | |
| Barracks | 1 | |
| Voodoo Lounge | 1 | |
| Watch Tower | 5 | |
| Stronghold | 1 | |
| Fortress | 1 | |
| Beastiary | 2 | |
18 total
» build order
00:09 Orc Burrow
00:13 Altar of Storms
00:46 War Mill
01:24 Barracks
01:43 Voodoo Lounge
02:00 Orc Burrow
03:41 Watch Tower
03:56 Stronghold
04:36 Orc Burrow
05:40 Orc Burrow
06:33 Fortress
07:07 Beastiary
07:10 Beastiary
07:43 Watch Tower
08:16 Watch Tower
09:56 Orc Burrow
12:24 Watch Tower
12:42 Watch Tower
» items
| Healing Salve | 2 | |
| Boots of Speed | 1 | |
| Lesser Clarity Potion | 1 | |
| Scroll of Town Portal | 1 | |
5 total

»
eruti (
blue | 88 APM | 1278 actions | 14:33)
4 Archmage
2 Summon Water Elemental
2 Brilliance Aura
2 Paladin
1 Holy Light
1 Divine Shield
» actions
| Assign group hotkey | 17 | |
| Basic commands | 40 | |
| Build / train | 48 | |
| Enter build submenu | 19 | |
| Enter hero's abilities submenu | 6 | |
| Right click | 246 | |
| Select / deselect | 117 | |
| Select group hotkey | 731 | |
| Use ability | 54 | |
1278 total
» units
| Peasant | 10 | |
| Rifleman | 10 | |
| Priest | 2 | |
| Siege Engine | 5 | |
27 total
» upgrades
| Armor | 1 | |
| Gunpowder | 1 | |
| Long Rifles | 1 | |
| Barrage | 1 | |
4 total
» buildings
| Lumber Mill | 1 | |
| Farm | 13 | |
| Altar of Kings | 1 | |
| Blacksmith | 1 | |
| Barracks | 2 | |
| Arcane Vault | 2 | |
| Keep | 2 | |
| Arcane Sanctum | 1 | |
| Castle | 2 | |
| Workshop | 2 | |
27 total
» build order
00:25 Lumber Mill
01:08 Farm
01:24 Altar of Kings
01:38 Farm
01:49 Blacksmith
02:09 Barracks
02:15 Barracks
02:22 Farm
02:33 Arcane Vault
02:43 Farm
02:44 Farm
03:14 Arcane Vault
04:26 Farm
04:27 Farm
05:58 Keep
05:58 Keep
06:36 Farm
06:58 Farm
06:58 Farm
08:34 Arcane Sanctum
08:36 Castle
08:36 Castle
09:12 Workshop
13:51 Workshop
13:59 Farm
14:00 Farm
14:00 Farm
» items
| Scroll of Regeneration | 2 | |
| Scroll of Town Portal | 1 | |
3 total

»
fonpee (
yellow | 63 APM | 917 actions | 14:33)
3 Keeper of the Grove
1 Entangling Roots
2 Force of Nature
» actions
| Assign group hotkey | 14 | |
| Basic commands | 90 | |
| Build / train | 41 | |
| Enter build submenu | 16 | |
| Enter hero's abilities submenu | 3 | |
| Remove unit from queue | 3 | |
| Right click | 322 | |
| Select / deselect | 164 | |
| Select group hotkey | 234 | |
| Use ability | 30 | |
917 total
» units
| Wisp | 13 | |
| Archer | 4 | |
| Huntress | 4 | |
| Chimaera | 2 | |
| Hippogryph | 2 | |
25 total
» upgrades
| Strength of the Wild | 3 | |
| Reinforced Hides | 3 | |
| Corrosive Breath | 1 | |
7 total
» buildings
| Moon Well | 7 | |
| Altar of Elders | 1 | |
| Ancient of War | 1 | |
| Hunter's Hall | 1 | |
| Tree of Ages | 1 | |
| Ancient of Wind | 2 | |
| Tree of Eternity | 1 | |
| Chimaera Roost | 2 | |
| Tree of Life | 1 | |
17 total
» build order
00:07 Moon Well
00:09 Altar of Elders
00:49 Ancient of War
01:29 Moon Well
02:12 Hunter's Hall
03:18 Moon Well
03:58 Tree of Ages
05:31 Moon Well
06:26 Ancient of Wind
06:27 Ancient of Wind
06:34 Tree of Eternity
08:43 Moon Well
08:45 Moon Well
08:48 Moon Well
09:19 Chimaera Roost
09:22 Chimaera Roost
14:16 Tree of Life
Chat log
(00:32 / Allies) SUCKMYNlGGADIK: ?
(01:40 / Allies) kushsmoker: range
(02:22 / Allies) kushsmoker: well fuck
(02:26 / Allies) SUCKMYNlGGADIK: ill take his mine
(02:34 / Allies) kushsmoker: hahaha
(04:17 / Allies) SUCKMYNlGGADIK: they are rushing
(09:34 / Allies) SUCKMYNlGGADIK: play purple
(09:42 / Allies) kushsmoker: wtf
(09:43 / Allies) kushsmoker: dude
(09:51 / Allies) lazybumbuthere: hunting skinks for dinner
(10:16 / Allies) lazybumbuthere: oo
(10:16 / Allies) lazybumbuthere: crab
(10:34 / Allies) SUCKMYNlGGADIK: its done
(10:35 / Allies) SUCKMYNlGGADIK: dont
(10:49 / Allies) SUCKMYNlGGADIK: careful
(10:49 / All) fkck: NOOB
(10:56 / All) kushsmoker: 3 vs 4
(10:58 / All) kushsmoker: we noob
(10:59 / All) kushsmoker: ok
(11:08 / All) fkck: lol!
(11:13 / All) kushsmoker: yea
(12:10 / All) BrOhio: gg
(12:14 / All) SUCKMYNlGGADIK: fuckin bitch purple
(12:15 / All) lazybumbuthere: gg noob team
(12:37 / Allies) lazybumbuthere: mmm
(12:38 / Allies) lazybumbuthere: crab
(12:59 / Allies) lazybumbuthere: we eatin good tonite
(13:02 / Allies) lazybumbuthere: mm
(13:07 / Allies) SUCKMYNlGGADIK: ill rape ur mother
(13:10 / Allies) SUCKMYNlGGADIK: till she bleeds to death
(13:13 / Allies) lazybumbuthere: crab soup, crab bbq tonite
(13:29 / Allies) SUCKMYNlGGADIK: from my b2
(13:34 / Allies) SUCKMYNlGGADIK: im going to find out where u live purple
(13:37 / Allies) SUCKMYNlGGADIK: and rape ur mother
(13:43 / All) BrOhio: LOLZ
(13:59 / All) lazybumbuthere: not a fan of crab soup I guess
(14:21 / All) BrOhio: not a fan of ass whoopings either
(14:25 / All) lazybumbuthere: he's gotten more free wins then losses from me